NCAA
MISSISSIPPI STATE BULLDOGS @ NORTH CAROLINA TAR HEELS
04/01/2025
 
TOP OF THE 1ST
Mississippi State Bulldogs batting - Pitching for North Carolina Tar Heels : RHP Stan Payne
Pitching: RHP Stan Payne
Batting: LHB Jorge Hernández 0-0: Called Strike
0-1: SINGLE (Line Drive, 56D)
Batting: RHB Manuel Martínez 0-0: SINGLE (Popup, 9S)
Jorge Hernández to second
Runner from 2nd tries for 3rd, SAFE, no throw or cutoff
Batting: RHB Eric Thompson 0-0: Foul Ball, location: 2F
0-1: Fly out, F9 (Flyball, 89S)
Batting: RHB Johnny Williams 0-0: Fielders Choice at 2nd, 4-6 (Groundball, 4)
Jorge Hernández scores
Batting: RHB Larry Beauregard 0-0: Called Strike
0-1: Swinging Strike
0-2: Ball
1-2: Strikes out swinging
Top of the 1st over - 1 run(s), 2 hit(s), 0 error(s), 1 left on base; Mississippi State 1 - North Carolina 0
BOTTOM OF THE 1ST
North Carolina Tar Heels batting - Pitching for Mississippi State Bulldogs : RHP Stan Gray
Pitching: RHP Stan Gray
Batting: RHB Jeff Townsley 0-0: Ground out 3-1 (Groundball, 34)
Batting: LHB Michael Edwards 0-0: Ball
1-0: Ball
2-0: Ball
3-0: Base on Balls
Batting: LHB Ronald Gordon 0-0: Ball
1-0: Ball
2-0: Ball
3-0: Called Strike
3-1: Base on Balls
Michael Edwards to second
Batting: LHB José Morales 0-0: Called Strike
0-1: Fly out, F8 (Flyball, 8LM)
Batting: RHB Derek Scott 0-0: Swinging Strike
0-1: Ball
1-1: Ball
2-1: SINGLE (Groundball, 6M)
Michael Edwards to third
Ronald Gordon to second
Throwing error, E8
Michael Edwards scores
Ronald Gordon to third
Derek Scott to second
Batting: LHB Will Robinson 0-0: Fly out, F9 (Flyball, 89S)
Bottom of the 1st over - 1 run(s), 1 hit(s), 1 error(s), 2 left on base; Mississippi State 1 - North Carolina 1
TOP OF THE 2ND
Mississippi State Bulldogs batting - Pitching for North Carolina Tar Heels : RHP Stan Payne
Batting: SHB Rick Hinton 0-0: Called Strike
0-1: Ground out 5-3 (Groundball, 56S)
Batting: RHB Woody Wright 0-0: Ball
1-0: Swinging Strike
1-1: Ball
2-1: Foul Ball, location: 2F
2-2: Ball
3-2: Base on Balls
Batting: SHB Alex Stewart 0-0: Ball
1-0: Ball
2-0: Ball
3-0: Base on Balls
Woody Wright to second
Batting: LHB Marvin Nichols 0-0: Ball
1-0: Foul Ball, location: 2F
1-1: Ball
2-1: DOUBLE (Line Drive, 9LS)
Woody Wright scores
Alex Stewart to third
Batting: LHB Jorge Hernández 0-0: Called Strike
0-1: Swinging Strike
0-2: Strikes out looking
Batting: RHB Manuel Martínez 0-0: Foul Ball, location: 2F
0-1: Ball
1-1: Fly out, F7 (Flyball, 7D)
Top of the 2nd over - 1 run(s), 1 hit(s), 0 error(s), 2 left on base; Mississippi State 2 - North Carolina 1
BOTTOM OF THE 2ND
North Carolina Tar Heels batting - Pitching for Mississippi State Bulldogs : RHP Stan Gray
Batting: SHB Rod Good 0-0: Swinging Strike
0-1: Ball
1-1: Ball
2-1: Ball
3-1: Base on Balls
Batting: RHB Preston Wooten 0-0: Called Strike
0-1: Grounds into double play, 5-4-3 (Groundball, 5)
Batting: RHB Phil Johnson 0-0: Foul Ball, location: 2F
0-1: Ball
1-1: Foul Ball, location: 2F
1-2: Foul Ball, location: 2F
1-2: Strikes out looking
Bottom of the 2nd over - 0 run(s), 0 hit(s), 0 error(s), 0 left on base; Mississippi State 2 - North Carolina 1
TOP OF THE 3RD
Mississippi State Bulldogs batting - Pitching for North Carolina Tar Heels : RHP Stan Payne
Batting: RHB Eric Thompson 0-0: Ball
1-0: Ball
2-0: Ball
3-0: Called Strike
3-1: Called Strike
3-2: Base on Balls
Batting: RHB Johnny Williams 0-0: Ball
1-0: Ball
2-0: Ball
3-0: Called Strike
3-1: Base on Balls
Eric Thompson to second
Batting: RHB Larry Beauregard 0-0: Called Strike
0-1: Swinging Strike
0-2: Strikes out swinging
Batting: SHB Rick Hinton 0-0: Fly out, F9 (Flyball, 9D)
Runner from 2nd tags up, SAFE at 3rd, no throw
Batting: RHB Woody Wright 0-0: Hit by Pitch
Johnny Williams to second
Batting: SHB Alex Stewart 0-0: Fly out, F9 (Flyball, 9LM)
Top of the 3rd over - 0 run(s), 0 hit(s), 0 error(s), 3 left on base; Mississippi State 2 - North Carolina 1
BOTTOM OF THE 3RD
North Carolina Tar Heels batting - Pitching for Mississippi State Bulldogs : RHP Stan Gray
Batting: RHB Jeff Townsley 0-0: Ball
1-0: Ball
2-0: Bunt for hit - play at first, batter OUT! 1-3
Batting: LHB Michael Edwards 0-0: Ball
1-0: Called Strike
1-1: Swinging Strike
1-2: Foul Ball, location: 2F
1-2: Ball
2-2: Ball
3-2: Base on Balls
Batting: LHB Ronald Gordon 0-0: Foul Ball, location: 2F
0-1: Foul Ball, location: 2F
0-2: Strikes out looking
Batting: LHB José Morales 0-0: Ball
1-0: Foul Ball, location: 2F
1-1: Swinging Strike
1-2: Fielders Choice at 2nd, U4 (Groundball, 4M)
Bottom of the 3rd over - 0 run(s), 0 hit(s), 0 error(s), 1 left on base; Mississippi State 2 - North Carolina 1
TOP OF THE 4TH
Mississippi State Bulldogs batting - Pitching for North Carolina Tar Heels : RHP Stan Payne
Batting: LHB Marvin Nichols 0-0: Ball
1-0: Swinging Strike
1-1: Ball
2-1: Called Strike
2-2: Foul Ball, location: 2F
2-2: Strikes out swinging
Batting: LHB Jorge Hernández 0-0: Foul Ball, location: 2F
0-1: Foul Ball, location: 2F
0-2: Foul Ball, location: 2F
0-2: Strikes out swinging
Batting: RHB Manuel Martínez 0-0: Ball
1-0: Foul Ball, location: 2F
1-1: SOLO HOME RUN (Line Drive, 8LXD), Distance : 397 ft
Batting: RHB Eric Thompson 0-0: Foul Ball, location: 2F
0-1: Fly out, F6 (Popup, 56D)
Top of the 4th over - 1 run(s), 1 hit(s), 0 error(s), 0 left on base; Mississippi State 3 - North Carolina 1
BOTTOM OF THE 4TH
North Carolina Tar Heels batting - Pitching for Mississippi State Bulldogs : RHP Stan Gray
Batting: RHB Derek Scott 0-0: Ball
1-0: Called Strike
1-1: Foul Ball, location: 2F
1-2: Ball
2-2: Ball
3-2: SINGLE (Line Drive, 8LS)
Batting: LHB Will Robinson 0-0: Ball
1-0: Fielders Choice at 2nd, 4-6 (Groundball, 4M)
Batting: SHB Rod Good 0-0: Fly out, F8 (Flyball, 8RM)
Batting: RHB Preston Wooten 0-0: Ball
1-0: Called Strike
1-1: Ball
2-1: Foul Ball, location: 2F
2-2: Ball
3-2: Strikes out swinging
Bottom of the 4th over - 0 run(s), 1 hit(s), 0 error(s), 1 left on base; Mississippi State 3 - North Carolina 1
TOP OF THE 5TH
Mississippi State Bulldogs batting - Pitching for North Carolina Tar Heels : RHP Stan Payne
Batting: RHB Johnny Williams 0-0: Ball
1-0: Ball
2-0: Ball
3-0: Foul Ball, location: 2F
3-1: Base on Balls
Batting: RHB Larry Beauregard 0-0: Foul Ball, location: 2F
0-1: Ball
1-1: Fielders Choice at 2nd, 5-4 (Groundball, 56)
Batting: SHB Rick Hinton 0-0: Called Strike
0-1: Ball
1-1: Fly out, F8 (Flyball, 8LM)
Batting: RHB Woody Wright 0-0: Called Strike
0-1: Called Strike
0-2: Ball
1-2: Foul Ball, location: 2F
1-2: Ball
2-2: Strikes out swinging
Top of the 5th over - 0 run(s), 0 hit(s), 0 error(s), 1 left on base; Mississippi State 3 - North Carolina 1
BOTTOM OF THE 5TH
North Carolina Tar Heels batting - Pitching for Mississippi State Bulldogs : RHP Stan Gray
Batting: RHB Phil Johnson 0-0: Ball
1-0: Ball
2-0: Ground out 6-3 (Groundball, 6)
Batting: RHB Jeff Townsley 0-0: Called Strike
0-1: Foul Ball, location: 2F
0-2: Ball
1-2: Ground out 6-3 (Groundball, 6)
Batting: LHB Michael Edwards 0-0: Ground out 4-3 (Groundball, 34)
Bottom of the 5th over - 0 run(s), 0 hit(s), 0 error(s), 0 left on base; Mississippi State 3 - North Carolina 1
TOP OF THE 6TH
Mississippi State Bulldogs batting - Pitching for North Carolina Tar Heels : RHP Stan Payne
Pitching: RHP Edgardo Rivera
Batting: SHB Alex Stewart 0-0: Called Strike
0-1: Ball
1-1: Foul Ball, location: 2F
1-2: Ball
2-2: SINGLE (Line Drive, 4MD)
Batting: LHB Marvin Nichols 0-0: Called Strike
0-1: Ball
1-1: Ball
2-1: Ball
3-1: Foul Ball, location: 2F
3-2: Foul Ball, location: 2F
3-2: Base on Balls
Alex Stewart to second
Batting: LHB Jorge Hernández 0-0: Called Strike
0-1: Ball
1-1: Ball
2-1: Ball
3-1: SINGLE (Groundball, 56D)
Alex Stewart to third
Marvin Nichols to second
Batting: RHB Manuel Martínez 0-0: SINGLE (Groundball, 34S)
Alex Stewart scores
Marvin Nichols to third
Jorge Hernández to second
Batting: RHB Eric Thompson 0-0: Foul Ball, location: 2F
0-1: Foul Ball, location: 2F
0-2: Ball
1-2: Ball
2-2: Fly out, F7 (Line Drive, 78M)
Runner from 3rd tags up, SCORES, no throw
Batting: RHB Johnny Williams 0-0: Called Strike
0-1: Ball
1-1: Ball
2-1: Foul Ball, location: 2F
2-2: Strikes out swinging
Batting: RHB Larry Beauregard 0-0: SINGLE (Line Drive, 7LM)
Jorge Hernández to third
Manuel Martínez to second
Runner from 3rd tries for Home, SAFE, no throw or cutoff
Pitching: RHP John Howard
Batting: SHB Rick Hinton 0-0: SINGLE (Line Drive, 9S)
Manuel Martínez to third
Larry Beauregard to second
Runner from 3rd tries for Home, SAFE, no throw or cutoff
Batting: RHB Woody Wright 0-0: Ball
1-0: Foul Ball, location: 2F
1-1: Called Strike
1-2: Ball
2-2: Foul Ball, location: 2F
2-2: Foul Ball, location: 2F
2-2: Strikes out looking
Top of the 6th over - 4 run(s), 5 hit(s), 0 error(s), 2 left on base; Mississippi State 7 - North Carolina 1
BOTTOM OF THE 6TH
North Carolina Tar Heels batting - Pitching for Mississippi State Bulldogs : RHP Stan Gray
Batting: LHB Ronald Gordon 0-0: Foul Ball, location: 2F
0-1: Foul Ball, location: 2F
0-2: Ball
1-2: Foul Ball, location: 2F
1-2: Foul Ball, location: 2F
1-2: Ball
2-2: Ball
3-2: Ground out 1-3 (Groundball, 15)
Batting: LHB José Morales 0-0: Ball
1-0: Ground out 4-3 (Groundball, 34)
Batting: RHB Derek Scott 0-0: Ball
1-0: Called Strike
1-1: Called Strike
1-2: Foul Ball, location: 2F
1-2: Strikes out swinging
Bottom of the 6th over - 0 run(s), 0 hit(s), 0 error(s), 0 left on base; Mississippi State 7 - North Carolina 1
TOP OF THE 7TH
Mississippi State Bulldogs batting - Pitching for North Carolina Tar Heels : RHP John Howard
Batting: SHB Alex Stewart 0-0: Foul Ball, location: 2F
0-1: Called Strike
0-2: Hit by Pitch
Batting: LHB Marvin Nichols 0-0: Ball
1-0: Ball
2-0: Bunted foul
2-1: Bunted foul
2-2: Fielders Choice at 2nd, 1-6 (Groundball, 13S)
Batting: LHB Jorge Hernández 0-0: Ball
1-0: Called Strike
1-1: Foul Ball, location: 2F
1-2: Foul Ball, location: 2F
1-2: Strikes out looking
Batting: RHB Manuel Martínez 0-0: Ball
1-0: Ball
2-0: Called Strike
2-1: Fly out, F5 (Popup, 5DF)
Top of the 7th over - 0 run(s), 0 hit(s), 0 error(s), 1 left on base; Mississippi State 7 - North Carolina 1
BOTTOM OF THE 7TH
North Carolina Tar Heels batting - Pitching for Mississippi State Bulldogs : RHP Stan Gray
Pitching: LHP Gonzalo Ramos
Batting: LHB Will Robinson 0-0: Fly out, F2 (Popup, 2LF)
Batting: SHB Rod Good 0-0: Foul Ball, location: 2F
0-1: Swinging Strike
0-2: Strikes out swinging
Batting: RHB Preston Wooten 0-0: Ball
1-0: Ball
2-0: Ball
3-0: Called Strike
3-1: Swinging Strike
3-2: Ground out 1-3 (Groundball, 15)
Bottom of the 7th over - 0 run(s), 0 hit(s), 0 error(s), 0 left on base; Mississippi State 7 - North Carolina 1
TOP OF THE 8TH
Mississippi State Bulldogs batting - Pitching for North Carolina Tar Heels : RHP John Howard
Batting: RHB Eric Thompson 0-0: Called Strike
0-1: SINGLE (Line Drive, 6MD)
Batting: RHB Johnny Williams 0-0: Ball
1-0: Fly out, F4 (Popup, 4D)
Batting: RHB Larry Beauregard 0-0: Ball
1-0: Called Strike
1-1: Foul Ball, location: 2F
1-2: Ball
2-2: Fly out, F7 (Line Drive, 7S)
Batting: SHB Rick Hinton 0-0: Called Strike
0-1: Ball
1-1: Ball
2-1: Fly out, F8 (Flyball, 8RM)
Top of the 8th over - 0 run(s), 1 hit(s), 0 error(s), 1 left on base; Mississippi State 7 - North Carolina 1
BOTTOM OF THE 8TH
North Carolina Tar Heels batting - Pitching for Mississippi State Bulldogs : LHP Gonzalo Ramos
Batting: RHB Phil Johnson 0-0: Called Strike
0-1: Ball
1-1: SINGLE (Groundball, 6M)
Batting: RHB Jeff Townsley 0-0: Foul Ball, location: 2F
0-1: Ball
1-1: Foul Ball, location: 2F
1-2: Foul Ball, location: 2F
1-2: SINGLE (Line Drive, 6MD)
Phil Johnson to second
Throwing error, E8
Phil Johnson scores
Jeff Townsley to second
Batting: LHB Michael Edwards 0-0: 2-RUN HOME RUN (Flyball, 8RXD), Distance : 386 ft
Pitching: RHP Chris Ervin
Batting: LHB Ronald Gordon 0-0: Swinging Strike
0-1: Swinging Strike
0-2: Ball
1-2: Foul Ball, location: 2F
1-2: Strikes out swinging
Batting: LHB José Morales 0-0: Ball
1-0: Called Strike
1-1: Ball
2-1: Ball
3-1: Base on Balls
Batting: RHB Derek Scott 0-0: Ball
1-0: Grounds into double play, 6-4-3 (Groundball, 6)
Bottom of the 8th over - 3 run(s), 3 hit(s), 1 error(s), 0 left on base; Mississippi State 7 - North Carolina 4
TOP OF THE 9TH
Mississippi State Bulldogs batting - Pitching for North Carolina Tar Heels : RHP John Howard
Pitching: RHP Tony Rodréques
Batting: RHB Woody Wright 0-0: Ball
1-0: Swinging Strike
1-1: Ball
2-1: Swinging Strike
2-2: Ball
3-2: Base on Balls
Batting: SHB Alex Stewart Single, Error in OF, E8, batter to second base
Woody Wright to third
Batting: LHB Marvin Nichols 0-0: Called Strike
0-1: Reached on Error, E7 (Flyball, 78M)
Woody Wright scores
Alex Stewart to third
Batting: LHB Jorge Hernández 0-0: Ground out 4-3 (Groundball, 4M)
Alex Stewart scores
Marvin Nichols to second
Batting: RHB Manuel Martínez 0-0: Called Strike
Marvin Nichols steals 3rd base
0-1: Fly out, F3 (Line Drive, 34)
Batting: RHB Eric Thompson 0-0: Called Strike
0-1: Ball
1-1: Swinging Strike
1-2: Foul Ball, location: 2F
1-2: Fly out, F9 (Flyball, 9M)
Top of the 9th over - 2 run(s), 1 hit(s), 2 error(s), 1 left on base; Mississippi State 9 - North Carolina 4
BOTTOM OF THE 9TH
North Carolina Tar Heels batting - Pitching for Mississippi State Bulldogs : RHP Chris Ervin
Pitching: LHP Adrian Bryant
Batting: LHB Will Robinson 0-0: Foul Ball, location: 2F
0-1: Swinging Strike
0-2: SINGLE (Line Drive, 4MD)
Batting: SHB Rod Good 0-0: Ball
1-0: Swinging Strike
1-1: Ball
2-1: Foul Ball, location: 2F
2-2: Foul Ball, location: 2F
2-2: Foul Ball, location: 2F
2-2: Foul Ball, location: 2F
2-2: Ball
3-2: SINGLE (Groundball, 56D)
Will Robinson to second
Batting: RHB Preston Wooten 0-0: Fly out, F8 (Flyball, 89M)
Batting: RHB Phil Johnson 0-0: Swinging Strike
0-1: Called Strike
0-2: Strikes out looking
Batting: RHB Jeff Townsley 0-0: Swinging Strike
0-1: Ball
1-1: Ground out 4-3 (Groundball, 4)
Bottom of the 9th over - 0 run(s), 2 hit(s), 0 error(s), 2 left on base; Mississippi State 9 - North Carolina 4
This league is powered by Out of the Park Baseball, the baseball management simulation game for PC, Mac and Linux
Tuesday, August 2nd, 2016 - OOTP Baseball 16.8 Build 38